| TOP OF THE 1ST |
|
Cedar Rapids Kernels batting - Pitching for West Michigan Whitecaps : RHP Adam Oyler
|
|
Pitching: RHP Adam Oyler
|
|
|
Batting: SHB Matt Urbani
|
0-0: Ball 1-0: DOUBLE (Flyball, 78D, EV 98.1 MPH)
|
|
Batting: RHB Sean Gould
|
0-0: Foul Ball, location: 2F 0-1: Swinging Strike 0-2: Ball 1-2: Ball 2-2: Hit by Pitch
|
|
Batting: SHB Dan Morataya
|
0-0: Ball 1-0: Ball 2-0: Called Strike 2-1: Ball 3-1: Called Strike 3-2: Fielders Choice at 2nd, 3-6 (Groundball, 34, EV 103.8 MPH) Matt Urbani to third
|
|
Batting: LHB Ho-win Zhou
|
0-0: Ball 1-0: Foul Ball, location: 2F 1-1: Fly out, F8 (Flyball, 78M, EV 90.0 MPH) Runner from 3rd tags up, SCORES, throw by CF
|
|
Batting: RHB Ryan Gautney
|
0-0: Ball 1-0: Foul Ball, location: 2F 1-1: Ball 2-1: Called Strike 2-2: Foul Ball, location: 2F 2-2: SINGLE (Groundball, 6MD, EV 108.8 MPH) Dan Morataya to second Runner from 2nd tries for 3rd, SAFE, throw by CF made to third
|
|
Batting: RHB Michael McDonald
|
0-0: Called Strike 0-1: Foul Ball, location: 2F Pickoff Throw to First - Out! 1-3
|
| Top of the 1st over - 1 run, 2 hits, 0 errors, 1 left on base; Cedar Rapids 1 - West Michigan 0 |
| BOTTOM OF THE 1ST |
|
West Michigan Whitecaps batting - Pitching for Cedar Rapids Kernels : RHP Tim Weller
|
|
Pitching: RHP Tim Weller
|
|
|
Batting: RHB Brandon O'Malley
|
0-0: Bunted foul 0-1: Foul Ball, location: 2F 0-2: Ball 1-2: Ground out 4-3 (Groundball, 4M, EV 105.6 MPH)
|
|
Batting: RHB Jon Goldstein
|
0-0: Called Strike 0-1: Ball 1-1: Ground out 5-3 (Groundball, 25, EV 92.5 MPH)
|
|
Batting: LHB George Moran
|
0-0: Ball 1-0: Foul Ball, location: 2F 1-1: Ground out 6-3 (Groundball, 6M, EV 106.9 MPH)
|
| Bottom of the 1st over - 0 runs, 0 hits, 0 errors, 0 left on base; Cedar Rapids 1 - West Michigan 0 |
| TOP OF THE 2ND |
|
Cedar Rapids Kernels batting - Pitching for West Michigan Whitecaps : RHP Adam Oyler
|
|
Batting: RHB Michael McDonald
|
0-0: Swinging Strike 0-1: Ball 1-1: Ball 2-1: Ball 3-1: Base on Balls
|
|
Batting: RHB Tony Crespo
|
0-0: Foul Ball, location: 2F 0-1: Ball 1-1: Ball 2-1: Ball 3-1: Fly out, F7 (Flyball, 7LSF, EV 89.4 MPH)
|
|
Batting: RHB David Nardone
|
0-0: Ball 1-0: Called Strike 1-1: Ball 2-1: Swinging Strike 2-2: Ball 3-2: Foul Ball, location: 2F 3-2: Grounds into double play, 6-4-3 (Groundball, 6S, EV 84.4 MPH)
|
| Top of the 2nd over - 0 runs, 0 hits, 0 errors, 0 left on base; Cedar Rapids 1 - West Michigan 0 |
| BOTTOM OF THE 2ND |
|
West Michigan Whitecaps batting - Pitching for Cedar Rapids Kernels : RHP Tim Weller
|
|
Batting: RHB Dave Calder
|
0-0: Ball 1-0: Ball 2-0: Ball 3-0: Base on Balls
|
|
Batting: SHB Willie Medina
|
0-0: Called Strike 0-1: Called Strike 0-2: Reached on error, E5 (Groundball, 56S, EV 93.1 MPH) Dave Calder to second
|
|
Batting: SHB Chris Wagler
|
0-0: Fielders Choice at 2nd, 3-6 (Groundball, 3, EV 76.9 MPH) Dave Calder to third
|
|
Batting: RHB Tony Nunez
|
0-0: Called Strike Chris Wagler is caught stealing 2nd base 2-4 0-1: Fly out, F9 (Flyball, 89S, EV 90.0 MPH)
|
| Bottom of the 2nd over - 0 runs, 0 hits, 1 error, 1 left on base; Cedar Rapids 1 - West Michigan 0 |
| TOP OF THE 3RD |
|
Cedar Rapids Kernels batting - Pitching for West Michigan Whitecaps : RHP Adam Oyler
|
|
Batting: RHB Dave Berry
|
0-0: Called Strike 0-1: Ball 1-1: Ball 2-1: Ball 3-1: Base on Balls
|
|
Batting: SHB Matt Urbani
|
0-0: Called Strike 0-1: Foul Ball, location: 2F 0-2: Foul Ball, location: 2F 0-2: Ball 1-2: Ball 2-2: Foul Ball, location: 2F 2-2: Foul Ball, location: 2F 2-2: DOUBLE (Groundball, 3L, EV 95.0 MPH) Dave Berry to third
|
|
Batting: RHB Sean Gould
|
0-0: Ball 1-0: Ball 2-0: Foul Ball, location: 2F 2-1: Ground out U3 (Groundball, 3, EV 97.5 MPH)
|
|
Batting: SHB Dan Morataya
|
0-0: Ball 1-0: Ball 2-0: Called Strike 2-1: Fly out, F9 (Flyball, 89M, EV 87.5 MPH)
|
|
Batting: LHB Ho-win Zhou
|
0-0: Ground out U3 (Groundball, 34S, EV 80.0 MPH)
|
| Top of the 3rd over - 0 runs, 1 hit, 0 errors, 2 left on base; Cedar Rapids 1 - West Michigan 0 |
| BOTTOM OF THE 3RD |
|
West Michigan Whitecaps batting - Pitching for Cedar Rapids Kernels : RHP Tim Weller
|
|
Batting: RHB Jamie Villagrana
|
0-0: Ground out 4-3 (Groundball, 4, EV 106.2 MPH)
|
|
Batting: RHB Yaremka Rzhevsky
|
0-0: Ball 1-0: TRIPLE (Line Drive, 8LXD, EV 103.8 MPH)
|
|
Batting: RHB Brandon O'Malley
|
0-0: Ground out 6-3 (Groundball, 6, EV 84.4 MPH) Yaremka Rzhevsky scores
|
|
Batting: RHB Jon Goldstein
|
0-0: Called Strike 0-1: Ball 1-1: Called Strike 1-2: Strikes out looking
|
| Bottom of the 3rd over - 1 run, 1 hit, 0 errors, 0 left on base; Cedar Rapids 1 - West Michigan 1 |
| TOP OF THE 4TH |
|
Cedar Rapids Kernels batting - Pitching for West Michigan Whitecaps : RHP Adam Oyler
|
|
Batting: RHB Ryan Gautney
|
0-0: Foul Ball, location: 2F 0-1: Ball 1-1: SINGLE (Line Drive, 4D, EV 111.2 MPH)
|
|
Batting: RHB Michael McDonald
|
0-0: Ground out 4-3 (Groundball, 34S, EV 78.8 MPH) Ryan Gautney to second
|
|
Batting: RHB Tony Crespo
|
0-0: Foul Ball, location: 2F 0-1: Foul Ball, location: 2F 0-2: Foul Ball, location: 2F 0-2: Ball 1-2: Ball 2-2: Strikes out swinging
|
|
Batting: RHB David Nardone
|
0-0: Ball 1-0: Ball 2-0: Fly out, F8 (Flyball, 8LXD, EV 80.6 MPH)
|
| Top of the 4th over - 0 runs, 1 hit, 0 errors, 1 left on base; Cedar Rapids 1 - West Michigan 1 |
| BOTTOM OF THE 4TH |
|
West Michigan Whitecaps batting - Pitching for Cedar Rapids Kernels : RHP Tim Weller
|
|
Batting: LHB George Moran
|
0-0: Called Strike 0-1: Ball 1-1: Called Strike 1-2: Ball 2-2: Ball 3-2: Strikes out swinging
|
|
Batting: RHB Dave Calder
|
0-0: Called Strike 0-1: Ground out 4-3 (Groundball, 34D, EV 107.5 MPH)
|
|
Batting: SHB Willie Medina
|
0-0: Swinging Strike 0-1: Ball 1-1: Swinging Strike 1-2: DOUBLE (Line Drive, 7LS, EV 100.6 MPH)
|
|
Batting: SHB Chris Wagler
|
0-0: Fly out, F8 (Flyball, 8LD, EV 103.8 MPH)
|
| Bottom of the 4th over - 0 runs, 1 hit, 0 errors, 1 left on base; Cedar Rapids 1 - West Michigan 1 |
| TOP OF THE 5TH |
|
Cedar Rapids Kernels batting - Pitching for West Michigan Whitecaps : RHP Adam Oyler
|
|
Batting: RHB Dave Berry
|
0-0: Swinging Strike 0-1: SINGLE (Groundball, 6M, EV 98.1 MPH)
|
|
Batting: SHB Matt Urbani
|
0-0: Swinging Strike 0-1: Foul Ball, location: 2F 0-2: Ball 1-2: Ball 2-2: Foul Ball, location: 2F 2-2: Foul Ball, location: 2F 2-2: Strikes out looking
|
|
Batting: RHB Sean Gould
|
0-0: Called Strike 0-1: Ball 1-1: SINGLE (Groundball, 6M, EV 108.1 MPH) (infield hit) Dave Berry to second
|
|
Batting: SHB Dan Morataya
|
0-0: Fielders Choice at 2nd, 4-6 (Groundball, 4M, EV 81.2 MPH) Dave Berry to third
|
|
Batting: LHB Ho-win Zhou
|
0-0: SINGLE (Groundball, 3D, EV 102.5 MPH) Dave Berry scores Dan Morataya to second Runner from 2nd tries for 3rd, SAFE, throw by RF made to third
|
|
Pitching: LHP Jesse Turner
|
|
|
Batting: RHB Ryan Gautney
|
0-0: Swinging Strike 0-1: Ball 1-1: Swinging Strike 1-2: Ball 2-2: Foul Ball, location: 2F 2-2: Ball 3-2: Foul Ball, location: 2F 3-2: Base on Balls Ho-win Zhou to second
|
|
Batting: RHB Michael McDonald
|
0-0: Called Strike 0-1: Foul Ball, location: 2F 0-2: Strikes out looking
|
| Top of the 5th over - 1 run, 3 hits, 0 errors, 3 left on base; Cedar Rapids 2 - West Michigan 1 |
| BOTTOM OF THE 5TH |
|
West Michigan Whitecaps batting - Pitching for Cedar Rapids Kernels : RHP Tim Weller
|
|
Batting: RHB Tony Nunez
|
0-0: Called Strike 0-1: Ball 1-1: SINGLE (Groundball, 56D, EV 98.1 MPH)
|
|
Batting: RHB Jamie Villagrana
|
0-0: Ball 1-0: Called Strike 1-1: Ball 2-1: Grounds into double play, 5-4-3 (Groundball, 5, EV 90.6 MPH)
|
|
Batting: RHB Yaremka Rzhevsky
|
0-0: Hit by Pitch
|
|
Batting: RHB Brandon O'Malley
|
0-0: Ball 1-0: Ball 2-0: Called Strike 2-1: Ground out 5-3 (Groundball, 56S, EV 93.1 MPH)
|
| Bottom of the 5th over - 0 runs, 1 hit, 0 errors, 1 left on base; Cedar Rapids 2 - West Michigan 1 |
| TOP OF THE 6TH |
|
Cedar Rapids Kernels batting - Pitching for West Michigan Whitecaps : LHP Jesse Turner
|
|
Batting: RHB Tony Crespo
|
0-0: Called Strike 0-1: Foul Ball, location: 2F 0-2: Ball 1-2: SINGLE (Groundball, 6D, EV 102.5 MPH)
|
|
Batting: RHB David Nardone
|
0-0: Ball Tony Crespo steals 2nd base (no throw) 1-0: Ground out 4-3 (Groundball, 4, EV 102.5 MPH) Tony Crespo to third
|
|
Batting: RHB Dave Berry
|
0-0: Swinging Strike 0-1: Foul Ball, location: 2F 0-2: Hit by Pitch
|
|
Batting: SHB Matt Urbani
|
0-0: Ball 1-0: Foul Ball, location: 2F 1-1: Swinging Strike 1-2: Strikes out swinging
|
|
Batting: RHB Sean Gould
|
0-0: Ball 1-0: Ball 2-0: Called Strike 2-1: Ball 3-1: Foul Ball, location: 2F 3-2: Fly out, F8 (Flyball, 8RXD, EV 87.5 MPH)
|
| Top of the 6th over - 0 runs, 1 hit, 0 errors, 2 left on base; Cedar Rapids 2 - West Michigan 1 |
| BOTTOM OF THE 6TH |
|
West Michigan Whitecaps batting - Pitching for Cedar Rapids Kernels : RHP Tim Weller
|
|
Batting: RHB Jon Goldstein
|
0-0: Ball 1-0: Called Strike 1-1: Fly out, F9 (Flyball, 9D, EV 94.4 MPH)
|
|
Batting: LHB George Moran
|
0-0: Ball 1-0: Called Strike 1-1: Ball 2-1: Foul Ball, location: 2F 2-2: Ground out 1-3 (Groundball, 34S, EV 67.5 MPH)
|
|
Batting: RHB Dave Calder
|
0-0: Ball 1-0: Called Strike 1-1: Ball 2-1: Ball 3-1: Base on Balls
|
|
Batting: SHB Willie Medina
|
0-0: Foul Ball, location: 2F 0-1: Swinging Strike 0-2: DOUBLE (Line Drive, 7LD, EV 99.4 MPH) Dave Calder to third Runner from 3rd tries for Home, SAFE, throw by LF to home
|
|
Batting: SHB Chris Wagler
|
0-0: Ball 1-0: SINGLE (Groundball, 34D, EV 106.2 MPH) Willie Medina to third Runner from 3rd tries for Home, SAFE, throw by RF to home
|
|
Batting: RHB Tony Nunez
|
0-0: Called Strike 0-1: Ball 1-1: Ball 2-1: DOUBLE (Groundball, 5L, EV 103.1 MPH) Chris Wagler to third Runner from 3rd tries for Home, SAFE, no throw by LF
|
|
Pitching: RHP Bruce Wight
|
|
|
Batting: RHB Jamie Villagrana
|
0-0: Ball 1-0: Ground out 4-3 (Groundball, 4, EV 79.4 MPH)
|
| Bottom of the 6th over - 3 runs, 3 hits, 0 errors, 1 left on base; Cedar Rapids 2 - West Michigan 4 |
| TOP OF THE 7TH |
|
Cedar Rapids Kernels batting - Pitching for West Michigan Whitecaps : LHP Jesse Turner
|
|
Pitching: RHP Eddie Hodgson
|
|
|
Batting: SHB Dan Morataya
|
0-0: Called Strike 0-1: Ball 1-1: Swinging Strike 1-2: Ball 2-2: Ball 3-2: Strikes out swinging
|
|
Batting: LHB Ho-win Zhou
|
0-0: Swinging Strike 0-1: Foul Ball, location: 2F 0-2: Ball 1-2: Strikes out swinging
|
|
Batting: RHB Ryan Gautney
|
0-0: Called Strike 0-1: Foul Ball, location: 2F 0-2: Ball 1-2: Ground out 6-3 (Groundball, 6, EV 104.4 MPH)
|
| Top of the 7th over - 0 runs, 0 hits, 0 errors, 0 left on base; Cedar Rapids 2 - West Michigan 4 |
| BOTTOM OF THE 7TH |
|
West Michigan Whitecaps batting - Pitching for Cedar Rapids Kernels : RHP Bruce Wight
|
|
Batting: RHB Yaremka Rzhevsky
|
0-0: Ground out 4-3 (Groundball, 4, EV 88.1 MPH)
|
|
Batting: RHB Brandon O'Malley
|
0-0: Ball 1-0: Swinging Strike 1-1: Ball 2-1: Swinging Strike 2-2: Strikes out swinging
|
|
Batting: RHB Jon Goldstein
|
0-0: Fly out, F9 (Flyball, 9D, EV 93.8 MPH)
|
| Bottom of the 7th over - 0 runs, 0 hits, 0 errors, 0 left on base; Cedar Rapids 2 - West Michigan 4 |
| TOP OF THE 8TH |
|
Cedar Rapids Kernels batting - Pitching for West Michigan Whitecaps : RHP Eddie Hodgson
|
|
Batting: RHB Michael McDonald
|
0-0: Ball 1-0: Called Strike 1-1: Swinging Strike 1-2: Foul Ball, location: 2F 1-2: Strikes out swinging
|
|
Pinch Hitting: LHB Israel Montoya
|
0-0: Ball 1-0: Ball 2-0: Called Strike 2-1: Called Strike 2-2: Foul Ball, location: 2F 2-2: Strikes out swinging
|
|
Batting: RHB David Nardone
|
0-0: Hit by Pitch
|
|
Batting: RHB Dave Berry
|
0-0: Called Strike 0-1: Foul Ball, location: 2F 0-2: Ball 1-2: Ball 2-2: Strikes out swinging
|
| Top of the 8th over - 0 runs, 0 hits, 0 errors, 1 left on base; Cedar Rapids 2 - West Michigan 4 |
| BOTTOM OF THE 8TH |
|
West Michigan Whitecaps batting - Pitching for Cedar Rapids Kernels : RHP Bruce Wight
|
|
Now in CF: Israel Montoya
|
|
|
Batting: LHB George Moran
|
0-0: Called Strike 0-1: Ball 1-1: Ball 2-1: Ball 3-1: SOLO HOME RUN (Flyball, 8LXD, EV 113.8 MPH), Distance : 435 ft
|
|
Batting: RHB Dave Calder
|
0-0: Ball 1-0: Foul Ball, location: 2F 1-1: Ball 2-1: Foul Ball, location: 2F 2-2: Ball 3-2: Foul Ball, location: 2F 3-2: Base on Balls
|
|
Batting: SHB Willie Medina
|
0-0: Called Strike 0-1: Fly out, F7 (Flyball, 7S, EV 84.4 MPH)
|
|
Batting: SHB Chris Wagler
|
0-0: Ball 1-0: Ball 2-0: Ball 3-0: Called Strike 3-1: Foul Ball, location: 2F 3-2: Base on Balls Dave Calder to second
|
|
Batting: RHB Tony Nunez
|
0-0: Foul Ball, location: 2F 0-1: Ball 1-1: Fly out, F9 (Flyball, 9S, EV 89.4 MPH)
|
|
Batting: RHB Jamie Villagrana
|
0-0: Fly out, F7 (Flyball, 7, EV 81.2 MPH)
|
| Bottom of the 8th over - 1 run, 1 hit, 0 errors, 2 left on base; Cedar Rapids 2 - West Michigan 5 |
| TOP OF THE 9TH |
|
Cedar Rapids Kernels batting - Pitching for West Michigan Whitecaps : RHP Eddie Hodgson
|
|
Pitching: RHP Tony Kepp
|
|
|
Batting: SHB Matt Urbani
|
0-0: Called Strike 0-1: Ball 1-1: Ball 2-1: Foul Ball, location: 2F 2-2: Foul Ball, location: 2F 2-2: Foul Ball, location: 2F 2-2: Foul Ball, location: 2F 2-2: Foul Ball, location: 2F 2-2: Foul Ball, location: 2F 2-2: Ball 3-2: Ground out U3 (Groundball, 3L, EV 88.1 MPH)
|
|
Batting: RHB Sean Gould
|
0-0: Ball 1-0: Called Strike 1-1: Swinging Strike 1-2: Strikes out swinging
|
|
Batting: SHB Dan Morataya
|
0-0: Ball 1-0: Called Strike 1-1: Ball 2-1: Ball 3-1: Swinging Strike 3-2: SINGLE (Line Drive, 4MD, EV 95.0 MPH)
|
|
Batting: LHB Ho-win Zhou
|
0-0: Foul Ball, location: 2F 0-1: Fly out, F8 (Line Drive, 8RM, EV 104.4 MPH)
|
| Top of the 9th over - 0 runs, 1 hit, 0 errors, 1 left on base; Cedar Rapids 2 - West Michigan 5 |
|